Map: Polka LE

Players

qqq - Winner!

  • Race: Zerg Zerg
  • Spawn Location: 5:00

Massa - Winner!

  • Race: Terran Terran
  • League: Platinum
  • Spawn Location: 5:00

Bigfoot

  • Race: Protoss Protoss
  • League: Diamond
  • Spawn Location: 11:00

Brugen

  • Race: Zerg Zerg
  • League: Diamond
  • Spawn Location: 11:00

VOD

Have the link to the VOD?

Description

Time

  • Played on: Oct. 6, 2020, 3:56 p.m.
  • Length: 21:49
Show
View Real Time Build Order
Export as new Build Order

qqq Zerg - Winner!

Build Orders: Hatch First, Lurkers 

Get SALT Encoding   

  12  0:01  Drone  
  13  0:08  Drone  
  14  0:35  Hatchery  
  13  0:39  Drone  
  14  0:54  Spawning Pool  
  13  1:02  Overlord  
  13  1:09  Drone  
  14  1:13  Extractor  
  14  1:14  Drone  
  14  1:21  Drone  
  15  1:38  Drone x2  
  17  1:41  Queen  
  19  1:57  Drone x2  
  21  2:06  Drone  
  21  2:07  Drone  
  23  2:11  Drone  
  23  2:13  Drone  
  25  2:20  Metabolic Boost  
  25  2:37  Extractor  
  25  2:40  Zergling x6  
  25  2:42  Drone  
  25  2:43  Overlord  
  28  2:58  Hatchery, Zergling x2  
  28  3:01  Drone  
  28  3:03  Zergling x2  
  30  3:08  Zergling x2  
  30  3:09  Drone  
  30  3:10  Drone  
  33  3:14  Zergling x2  
  34  3:22  Zergling x2, Baneling Nest  
  34  3:23  Zergling x2  
  35  3:36  Overlord  
  35  3:46  Zergling x2  
  36  3:54  Queen  
  36  4:06  Zergling x8  
  36  4:07  Drone, Zergling x4  
  41  4:18  Zergling x6  
  44  4:27  Lair  
  44  4:28  Zergling x2  
  44  4:29  Drone x2  
  47  4:46  Queen  
  47  4:49  Drone  
  47  4:50  Overlord  
  50  4:53  Baneling x3  
  50  4:54  Hatchery  
  50  4:55  Baneling  
  50  4:58  Drone, Spine Crawler  
  49  5:07  Zergling x2  
  49  5:08  Overlord  
  49  5:13  Drone x4  
  54  5:22  Zergling x6  
  54  5:23  Zergling x2  
  57  5:44  Zergling x6  
  57  5:45  Drone x5  
  57  5:46  Drone  
  64  6:02  Overlord  
  64  6:03  Zergling x4  
  65  6:11  Zergling x2  
  65  6:12  Drone x3  
  65  6:13  Drone x2  
  65  6:16  Overlord  
  65  6:17  Extractor  
  70  6:20  Extractor  
  69  6:27  Hydralisk Den  
  68  6:46  Drone x4  
  68  6:47  Drone  
  73  6:54  Extractor  
  72  7:06  Drone x2  
  72  7:07  Queen  
  76  7:10  Spine Crawler  
  76  7:13  Drone x3  
  76  7:14  Zergling x2  
  79  7:31  Hydralisk x2, Muscular Augments  
  79  7:32  Hydralisk x2, Lurker Den  
  79  7:34  Overlord x4  
  79  7:35  Drone  
  87  7:43  Overlord x3  
  87  7:44  Overlord  
  87  7:57  Hydralisk x3  
  93  8:00  Drone x2  
  93  8:01  Drone  
  93  8:03  Hatchery  
  95  8:08  Drone x2  
  93  8:30  Hatchery  
  93  8:31  Hydralisk x6  
  98  8:41  Hatchery  
  93  8:49  Spine Crawler  
  93  8:50  Spine Crawler  
  93  8:51  Lurker x5  
  93  8:52  Lurker  
  93  8:53  Hydralisk  
  93  8:55  Drone x2, Zergling x10  
  105  8:56  Zergling x2  
  107  9:04  Drone x4  
  107  9:05  Zergling x4  
  107  9:06  Zergling x8  
  99  9:20  Drone x6  
  105  9:30  Extractor, Queen  
  106  9:31  Drone  
  106  9:32  Extractor  
  106  9:34  Hydralisk x4  
  106  9:35  Zergling x4  
  88  10:38  Drone x2  
  88  10:39  Drone, Infestation Pit  
  88  10:41  Hydralisk x3  
  94  10:57  Drone, Spine Crawler  
  94  10:58  Drone x6  
  94  10:59  Drone x7, Spine Crawler  
  94  11:00  Drone x2  
  106  11:06  Drone  
  106  11:09  Drone x3  
  108  11:19  Lurker  
  108  11:20  Lurker x2  
  108  11:21  Drone  
  108  11:22  Drone x4  
  108  11:23  Drone x2  
  108  11:24  Queen  
  108  11:25  Spine Crawler  
  119  11:32  Evolution Chamber  
  118  11:34  Spore Crawler, Evolution Chamber  
  118  11:36  Spore Crawler  
  118  11:37  Hive  
  115  11:43  Hydralisk x5  
  115  11:44  Hydralisk  
  115  11:45  Drone x4  
  115  11:46  Drone x6  
  137  11:50  Spine Crawler  
  137  11:51  Spine Crawler x2  
  134  11:54  Hatchery  
  133  12:01  Drone  
  133  12:03  Spine Crawler  
  132  12:11  Hatchery  
  131  12:28  Pneumatized Carapace  
  128  12:30  Hatchery, Overseer  
  128  12:34  Spore Crawler  
  123  12:37  Spine Crawler  
  123  12:40  Lurker  
  123  12:41  Lurker x5  
  128  12:46  Zerg Missile Weapons Level 1  
  128  12:47  Zerg Ground Armor Level 1  
  127  12:51  Zergling x2  
  127  12:53  Overlord x7  
  127  12:54  Overlord x2  
  128  13:02  Spine Crawler  
  96  13:50  Hydralisk x5  
  96  13:51  Zergling x6  
  96  13:52  Drone, Zergling x6  
  96  13:53  Drone x6  
  108  13:57  Ultralisk Cavern  
  108  13:59  Seismic Spines  
  108  14:00  Hydralisk x2  
  111  14:05  Drone x2  
  111  14:06  Drone x3  
  116  14:11  Spore Crawler  
  116  14:12  Spore Crawler  
  116  14:13  Spine Crawler  
  116  14:15  Zergling x10  
  116  14:16  Zergling x2  
  119  14:19  Grooved Spines  
  119  14:29  Lurker x5  
  119  14:30  Lurker x2  
  125  14:33  Hydralisk x3  
  125  14:40  Spine Crawler  
  125  14:41  Spine Crawler  
  125  14:42  Spine Crawler  
  118  14:45  Spore Crawler  
  118  14:48  Zergling x6  
  119  14:56  Adaptive Talons  
  115  15:08  Hydralisk x5  
  115  15:09  Zergling x8  
  115  15:10  Zergling x2  
  126  15:16  Drone  
  126  15:17  Drone x5  
  126  15:18  Drone x6  
  138  15:21  Spore Crawler  
  138  15:23  Spine Crawler x2  
  138  15:27  Spine Crawler, Queen  
  136  15:31  Lurker x3  
  136  15:33  Ultralisk x2  
  136  15:34  Zergling x4  
  136  15:35  Zergling x10  
  158  15:36  Zerg Missile Weapons Level 2  
  158  15:39  Zerg Melee Weapons Level 1  
  158  15:45  Spine Crawler  
  158  15:47  Extractor  
  158  15:48  Drone x2  
  158  15:50  Extractor  
  158  15:51  Drone x3  
  158  15:53  Extractor  
  159  15:59  Extractor  
  159  16:00  Anabolic Synthesis  
  159  16:02  Extractor  
  159  16:03  Zergling x14  
  159  16:04  Zergling x6  
  167  16:29  Queen  
  167  16:31  Drone x5  
  167  16:32  Drone  
  174  16:34  Hydralisk x2  
  174  16:35  Hydralisk x2, Zergling x2  
  174  16:36  Zergling x10  
  174  16:37  Zergling x2  
  185  16:43  Chitinous Plating  
  159  16:52  Zergling x6, Ultralisk x2  
  159  16:53  Zergling x12  
  165  17:05  Hydralisk x4  
  165  17:06  Drone x2  
  165  17:07  Drone x7  
  170  17:13  Hydralisk x4  
  171  17:20  Drone  
  172  17:28  Extractor  
  171  17:35  Drone x2  
  171  17:37  Extractor x2  
  159  17:47  Lurker x7  
  159  17:48  Lurker  
  159  17:49  Zergling x2  
  159  17:50  Zergling x16  
  159  17:51  Zergling x16  
  170  17:52  Zergling x12  
  170  17:53  Drone x2  
  180  18:03  Zerg Melee Weapons Level 2  
  180  18:04  Zerg Ground Armor Level 2  
  180  18:14  Spine Crawler  
  180  18:16  Spore Crawler  
  164  18:32  Drone x3  
  164  18:33  Drone x2  
  164  18:34  Drone  
  140  18:48  Drone  
  137  18:53  Drone x3  
  140  19:02  Ultralisk x5  
  180  19:03  Ultralisk x2  
  180  19:04  Zergling x10  
  180  19:05  Zergling x6  
  180  19:06  Drone x4  
  180  19:07  Drone x2  
  190  19:23  Ultralisk x2  
  197  19:24  Zergling x6  
  197  19:25  Zergling x2  
  191  19:42  Ultralisk  
  182  20:01  Ultralisk  
  182  20:02  Ultralisk  
  188  20:23  Queen  
  188  20:24  Drone x3  
  186  20:34  Drone x3  
  189  20:36  Drone  
  189  20:39  Spine Crawler  
  189  20:40  Spore Crawler  
  186  20:45  Spine Crawler  
  169  21:01  Hydralisk x3  
  169  21:02  Hydralisk x6  
  169  21:04  Drone x4  
  190  21:23  Drone  
  191  21:32  Hatchery  
Show
View Real Time Build Order
Export as new Build Order

Massa Terran - Winner!

Build Orders:  

Get SALT Encoding   

  12  0:00  SCV  
  13  0:12  SCV  
  14  0:24  SCV, Supply Depot  
  15  0:40  Refinery  
  15  0:45  SCV  
  15  0:46  Barracks  
  16  0:57  SCV  
  17  1:09  SCV  
  18  1:21  SCV  
  19  1:34  SCV  
  19  1:35  Reaper  
  21  1:44  Command Center  
  21  1:46  Orbital Command  
  21  2:06  Supply Depot  
  21  2:19  Marine  
  21  2:21  SCV  
  23  2:33  SCV  
  24  2:40  Command Center  
  24  2:45  SCV  
  24  2:47  Barracks Reactor, Factory  
  25  2:57  SCV  
  25  3:20  SCV  
  25  3:22  Orbital Command  
  26  3:32  SCV  
  27  3:35  Starport  
  27  3:45  SCV  
  27  3:46  Hellion x2  
  32  3:57  SCV  
  33  4:07  Barracks Tech Lab, Hellion  
  33  4:08  Hellion  
  37  4:29  Hellion x2, Stimpack  
  41  4:31  Orbital Command  
  41  4:33  SCV x2  
  41  4:36  Medivac  
  45  4:41  Supply Depot x2  
  45  4:44  Engineering Bay  
  45  4:45  SCV x2  
  46  4:52  Hellion x2  
  51  4:57  SCV  
  51  4:58  SCV  
  53  5:09  SCV  
  53  5:10  SCV  
  49  5:21  SCV  
  48  5:29  Marauder  
  50  5:42  Barracks  
  50  5:46  Factory Tech Lab  
  50  5:49  Barracks  
  50  5:51  Marauder  
  52  6:12  Marauder, Viking  
  52  6:15  Terran Infantry Weapons Level 1  
  52  6:17  SCV x3  
  59  6:22  Refinery  
  59  6:24  Missile Turret  
  59  6:27  Missile Turret  
  59  6:28  Missile Turret x2  
  59  6:29  SCV x2  
  59  6:30  Missile Turret  
  59  6:31  Refinery  
  61  6:33  Refinery  
  61  6:34  Marauder  
  63  6:54  Barracks Reactor  
  63  6:57  Marauder, Marine x2  
  67  7:05  SCV x2  
  67  7:06  SCV  
  70  7:09  Combat Shield  
  70  7:14  Marine  
  70  7:15  Marine  
  72  7:17  SCV  
  72  7:18  SCV, Marauder  
  72  7:21  Barracks  
  76  7:32  Marine  
  77  7:37  Marine  
  77  7:40  Marauder  
  74  7:50  Marine  
  73  7:55  Marine  
  73  7:58  Supply Depot  
  74  7:59  Supply Depot x2  
  74  8:00  Supply Depot x2  
  74  8:01  Marine, Supply Depot  
  74  8:04  Command Center  
  75  8:06  SCV x2  
  75  8:09  Barracks  
  77  8:18  Barracks Tech Lab  
  77  8:19  Marine  
  81  8:20  SCV x2, Marauder, Siege Tank  
  81  8:21  Marine x3  
  81  8:23  Supply Depot x3  
  81  8:24  Supply Depot  
  81  8:26  Supply Depot  
  88  8:27  Supply Depot  
  88  8:29  Concussive Shells  
  88  8:32  SCV x2  
  88  8:34  Orbital Command  
  89  8:41  Marauder  
  89  8:45  Viking  
  89  8:46  Supply Depot  
  89  8:47  Supply Depot  
  89  8:48  Supply Depot  
  93  8:49  Marauder, Marine x2  
  93  8:50  Marine x2  
  93  8:51  Supply Depot  
  93  8:52  Siege Tank  
  103  9:03  Marauder  
  93  9:11  Marauder  
  93  9:15  Viking  
  100  9:24  Siege Tank  
  100  9:33  Barracks Tech Lab  
  100  9:39  Barracks  
  100  9:41  Barracks, Engineering Bay  
  100  9:47  Armory  
  100  9:48  Armory  
  100  10:20  Medivac  
  102  10:22  Marauder x3, Marine  
  102  10:23  Marine x2  
  105  10:40  Siege Tank  
  108  10:43  Marauder x3  
  108  10:45  Marine  
  108  10:46  Marine x3  
  108  10:49  SCV  
  119  10:50  SCV x2, Medivac  
  123  10:57  Missile Turret  
  123  11:02  SCV x2, Barracks Tech Lab x2  
  123  11:03  Marine  
  126  11:05  Marauder x3  
  132  11:12  Siege Tank  
  132  11:17  Missile Turret  
  135  11:26  Terran Infantry Weapons Level 2, Marauder x3  
  135  11:27  Terran Infantry Armor Level 1  
  135  11:30  Terran Vehicle And Ship Armor Level 1, Terran Vehicle Weapons Level 1  
  141  11:32  Starport Reactor  
  141  11:44  Siege Tank  
  144  11:47  Marauder x2  
  144  11:48  Marauder  
  144  11:51  Refinery  
  144  11:53  Refinery  
  150  11:56  Planetary Fortress  
  150  12:00  SCV x3  
  153  12:09  Marauder  
  153  12:12  SCV x3  
  158  12:16  Siege Tank  
  161  12:24  SCV x3  
  164  12:30  Missile Turret  
  164  12:31  Missile Turret  
  164  12:36  SCV x3  
  167  12:39  Marauder x3  
  167  12:40  Marauder x2, Marine x2  
  179  12:44  Viking x2  
  179  12:48  Siege Tank  
  179  12:50  Missile Turret  
  183  12:51  Missile Turret  
  183  13:01  Marauder x5  
  193  13:14  Viking x2  
  195  13:20  Siege Tank  
  164  13:44  Viking  
  166  13:53  Siege Tank  
  166  13:55  Medivac  
  151  14:10  Terran Infantry Armor Level 2, Terran Infantry Weapons Level 3  
  151  14:14  Medivac  
  153  14:25  Medivac, Siege Tank  
  127  14:31  Marauder x3, Marine  
  127  14:32  Marauder x2, Marine x3  
  135  14:49  Marine  
  135  14:50  Marine x3  
  135  14:52  Marauder  
  122  14:53  Marauder x4  
  122  14:57  Siege Tank  
  122  15:07  Marine x2  
  122  15:08  Marine x2  
  122  15:14  Marauder x3, Marine x2  
  128  15:15  Viking  
  128  15:20  Refinery  
  128  15:21  Refinery  
  136  15:25  Marine x4  
  140  15:29  Siege Tank  
  140  15:32  Marine x2  
  140  15:35  Marine x3  
  148  15:43  Marine x4  
  148  15:49  Marine x2  
  152  15:53  Marauder x3  
  152  15:55  Viking x2  
  164  16:00  Marine  
  164  16:01  Marine x3, Siege Tank  
  171  16:08  Marauder x2  
  175  16:14  Marauder  
  175  16:15  Marauder x2  
  181  16:18  Marine  
  181  16:19  Marine x3  
  139  16:25  Viking  
  185  16:29  Marauder x2  
  190  16:33  Siege Tank  
  190  16:36  Marauder x2, Marine  
  190  16:42  Command Center  
  170  17:02  Marauder x5, Marine x4  
  150  17:20  Marine x4  
  141  17:23  Marauder x5  
  118  17:38  Marine x4, Siege Tank  
  125  17:44  Marauder  
  125  17:45  Marauder x4  
  125  17:46  Missile Turret x2  
  125  17:50  Missile Turret  
  135  17:53  Planetary Fortress  
  135  17:55  Marine  
  136  17:59  Marine x3  
  139  18:06  Marauder x5  
  139  18:07  Missile Turret  
  139  18:09  Missile Turret  
  139  18:10  Siege Tank  
  152  18:13  Marine  
  152  18:17  Marine x3  
  156  18:27  Marauder  
  156  18:28  Marauder x4  
  156  18:31  Marine  
  167  18:35  Marine x3  
  165  18:49  Marauder x5, Marine  
  127  19:19  Marauder  
  127  19:20  Marauder x3  
  120  19:41  Barracks Tech Lab, Marauder x4  
  128  20:02  Marauder  
  128  20:03  Marauder x3  
  128  20:04  Factory  
  128  20:05  Marauder  
  138  20:15  SCV x4  
  138  20:20  Refinery  
  142  20:24  Marauder x4  
  142  20:26  Marauder  
  142  20:27  SCV x4  
  156  20:39  SCV  
  157  20:45  Marauder  
  157  20:46  Marauder x3  
  157  20:48  Marauder, Factory  
  162  21:06  Marauder  
  162  21:07  Marauder x3  
  162  21:09  Marauder  
  159  21:28  Marauder  
  167  21:38  Command Center  
Show
View Real Time Build Order
Export as new Build Order

Bigfoot Protoss 

Build Orders: 1 Gate Expand, Colossus Rush 

Get SALT Encoding   

  12  0:00  Probe  
  13  0:12  Probe  
  14  0:18  Pylon  
  14  0:24  Probe  
  15  0:37  Probe (Chrono Boost), Gateway  
  16  0:49  Probe (Chrono Boost)  
  17  0:54  Assimilator  
  18  0:57  Probe (Chrono Boost)  
  18  1:03  Probe  
  19  1:15  Probe  
  20  1:28  Cybernetics Core  
  20  1:42  Probe  
  20  1:43  Nexus  
  21  1:54  Probe, Assimilator  
  22  2:00  Pylon  
  22  2:06  Probe  
  23  2:18  Probe, Adept (Chrono Boost)  
  23  2:19  Warp Gate  
  25  2:30  Probe  
  25  2:33  Gateway  
  26  2:40  Stalker (Chrono Boost)  
  28  2:47  Probe  
  29  2:59  Probe  
  29  3:06  Probe  
  30  3:18  Probe (Chrono Boost)  
  32  3:20  Probe (Chrono Boost)  
  32  3:23  Pylon  
  33  3:27  Probe (Chrono Boost)  
  33  3:28  Twilight Council  
  33  3:30  Probe (Chrono Boost)  
  33  3:32  Probe (Chrono Boost)  
  34  3:34  Stalker  
  34  3:36  Sentry  
  34  3:40  Probe  
  40  3:44  Probe  
  40  3:48  Robotics Facility  
  41  3:52  Probe  
  42  4:00  Blink (Chrono Boost)  
  42  4:02  Probe  
  43  4:04  Probe  
  44  4:14  Probe  
  45  4:22  Probe  
  44  4:27  Probe  
  44  4:29  Pylon  
  45  4:32  Shield Battery  
  45  4:34  Probe  
  45  4:37  Pylon  
  46  4:42  Robotics Bay  
  46  4:43  Probe  
  46  4:45  Assimilator  
  47  4:46  Probe  
  47  4:47  Stalker x2  
  47  4:48  Assimilator  
  52  4:56  Probe  
  52  4:58  Probe  
  54  5:05  Gateway  
  54  5:07  Gateway  
  54  5:10  Immortal  
  58  5:24  Sentry  
  58  5:26  Stalker  
  62  5:36  Pylon  
  62  5:37  Pylon  
  62  5:38  Probe x2  
  64  5:47  Forge  
  64  5:49  Gateway  
  64  5:50  Probe x2, Charge (Chrono Boost), Colossus (Chrono Boost)  
  72  6:11  Stalker x3  
  78  6:30  Protoss Ground Weapons Level 1 (Chrono Boost)  
  78  6:32  Robotics Facility  
  78  6:37  Nexus  
  78  6:39  Pylon  
  78  6:42  Pylon  
  78  6:50  Colossus  
  84  6:58  Zealot x3  
  84  6:59  Zealot x2  
  94  7:16  Gateway x2  
  94  7:18  Gateway  
  94  7:19  Pylon  
  94  7:28  Shield Battery  
  91  7:30  Shield Battery  
  91  7:31  Photon Cannon  
  91  7:33  Stalker x2  
  91  7:34  Stalker x2  
  93  7:39  Probe x2  
  95  7:51  Probe (Chrono Boost)  
  95  7:55  Probe (Chrono Boost)  
  96  7:59  Sentry x3  
  96  8:03  Probe (Chrono Boost)  
  104  8:06  Probe (Chrono Boost)  
  104  8:07  Probe (Chrono Boost)  
  104  8:12  Extended Thermal Lance (Chrono Boost)  
  105  8:19  Probe (Chrono Boost)  
  106  8:20  Pylon  
  106  8:23  Photon Cannon  
  106  8:25  Probe (Chrono Boost)  
  108  8:29  Probe (Chrono Boost), Sentry x2  
  108  8:30  Sentry  
  116  8:35  Probe x2 (Chrono Boost)  
  116  8:38  Probe (Chrono Boost)  
  117  8:48  Warp Prism  
  117  8:55  Colossus  
  111  9:19  Zealot x3  
  111  9:20  Zealot x2  
  111  9:21  Probe  
  111  9:22  Probe x2  
  124  9:25  Observer  
  125  9:34  Probe x3  
  125  9:35  Assimilator  
  125  9:37  Assimilator  
  128  9:46  Observer  
  129  9:53  Pylon  
  129  9:57  Stalker x2  
  133  10:10  Pylon x2  
  133  10:12  Dark Shrine  
  133  10:13  Zealot  
  133  10:14  Zealot x2  
  137  10:31  Zealot x2  
  137  10:32  Zealot x3  
  147  10:39  Zealot x3  
  151  11:00  Protoss Ground Weapons Level 2 (Chrono Boost)  
  147  11:07  Stalker x5  
  155  11:14  Probe x2  
  155  11:18  Disruptor (Chrono Boost)  
  157  11:19  Probe, Nexus  
  157  11:21  Pylon  
  157  11:25  Pylon  
  155  11:26  Probe x2  
  155  11:27  Pylon x3  
  157  11:37  Warp Prism  
  157  11:39  Probe  
  160  11:41  Zealot  
  160  11:42  Zealot  
  160  11:46  Colossus  
  170  11:47  Dark Templar x2  
  170  11:48  Dark Templar x3  
  180  12:13  Disruptor  
  177  12:24  Zealot x2  
  177  12:25  Zealot x5  
  189  12:40  Disruptor  
  192  12:44  Probe  
  192  12:45  Probe x3  
  196  12:57  Probe  
  195  13:04  Disruptor  
  196  13:15  Disruptor  
  196  13:17  Assimilator  
  199  13:22  Assimilator  
  199  13:25  Pylon  
  199  13:30  Photon Cannon  
  199  13:31  Photon Cannon  
  199  13:33  Photon Cannon  
  195  13:35  Photon Cannon  
  195  13:37  Photon Cannon  
  195  13:38  Photon Cannon  
  179  13:52  Stalker x4  
  179  13:53  Stalker x4  
  189  14:08  Gateway  
  189  14:10  Gateway  
  189  14:12  Gateway, Disruptor x2  
  195  14:18  Dark Templar x2  
  193  14:56  Zealot x5  
  152  15:07  Disruptor x2  
  152  15:12  Stalker  
  152  15:13  Stalker x2  
  164  15:20  Probe x4  
  158  15:32  Probe x3  
  158  15:41  Gateway  
  158  15:42  Gateway, Disruptor  
  155  15:43  Disruptor  
  161  15:50  Zealot x6  
  161  15:51  Zealot x2  
  177  16:05  Dark Templar x2  
  177  16:06  Dark Templar  
  177  16:08  Shadow Stride (Chrono Boost)  
  183  16:12  Protoss Ground Weapons Level 3  
  183  16:18  Disruptor x2  
  183  16:31  Dark Templar x2  
  124  16:58  Zealot x4  
  124  16:59  Zealot x5  
  100  17:12  Dark Templar  
  100  17:13  Dark Templar  
  99  17:19  Dark Templar  
  99  17:20  Dark Templar x6  
  99  17:36  Archon  
  99  17:37  Archon x2  
  97  17:40  Dark Templar  
  97  17:41  Dark Templar  
  101  17:48  Disruptor x2  
  107  17:55  Stargate  
  107  17:56  Stargate  
  107  18:00  Stargate  
  107  18:05  Zealot x3  
  109  18:06  Zealot x4  
  109  18:07  Zealot  
  119  18:16  Zealot x3  
  123  18:24  Disruptor x2  
  129  18:34  Zealot x6  
  131  18:35  Zealot x2  
  139  18:46  Dark Templar x2  
  139  18:47  Dark Templar  
  98  18:59  Zealot x2  
  98  19:00  Zealot x5  
  98  19:01  Zealot  
  111  19:14  Fleet Beacon  
  111  19:22  Disruptor  
  111  19:23  Disruptor  
  115  19:42  Dark Templar x2  
  115  19:43  Dark Templar x6  
  115  19:44  Dark Templar x2  
Show
View Real Time Build Order
Export as new Build Order

Brugen Zerg 

Build Orders: Hatch First 

Get SALT Encoding   

  12  0:02  Drone  
  13  0:12  Overlord  
  13  0:18  Drone  
  14  0:31  Drone x2  
  14  0:34  Drone  
  17  0:57  Hatchery  
  17  0:58  Drone  
  17  1:03  Extractor, Drone  
  17  1:19  Spawning Pool  
  17  1:22  Drone  
  17  1:36  Drone x2  
  19  1:50  Overlord  
  19  2:10  Queen  
  19  2:11  Metabolic Boost  
  19  2:12  Queen  
  19  2:14  Drone  
  24  2:17  Zergling x2  
  24  2:19  Zergling x2  
  26  2:24  Zergling x2  
  26  2:26  Zergling x2  
  28  2:33  Zergling x4  
  30  2:41  Zergling x2  
  31  2:44  Drone  
  32  2:51  Overlord  
  32  2:52  Zergling x2  
  33  3:17  Drone  
  33  3:18  Drone x4  
  38  3:25  Zergling x6  
  38  3:26  Zergling x4  
  43  3:32  Drone  
  43  3:33  Overlord  
  44  3:50  Overlord  
  44  3:51  Drone  
  43  3:55  Hatchery  
  42  4:04  Drone x5  
  43  4:18  Drone  
  43  4:19  Roach Warren  
  43  4:22  Drone  
  43  4:23  Drone x2  
  46  4:34  Queen  
  46  4:38  Drone x4  
  52  4:41  Extractor  
  50  4:47  Zergling x2  
  50  4:48  Zergling x10  
  54  5:01  Spine Crawler  
  54  5:02  Drone x3, Spine Crawler  
  54  5:04  Spine Crawler  
  49  5:22  Lair  
  50  5:28  Roach x2  
  50  5:29  Roach x3  
  58  5:36  Drone  
  58  5:37  Drone x5  
  61  5:50  Roach x2  
  65  6:01  Extractor  
  65  6:04  Extractor  
  62  6:10  Overlord x3  
  62  6:11  Overlord x3  
  61  6:30  Drone x2  
  63  6:35  Roach x4  
  63  6:36  Roach x3  
  77  6:50  Roach x4  
  85  6:59  Glial Reconstitution  
  85  7:01  Hatchery  
  84  7:12  Drone, Overlord  
  84  7:13  Overlord  
  84  7:14  Roach x6  
  97  7:20  Infestation Pit  
  96  7:26  Roach x2  
  100  7:41  Drone  
  100  7:42  Drone x4  
  100  7:43  Overlord x2  
  105  7:49  Roach  
  105  7:50  Roach  
  109  8:06  Overlord  
  108  8:17  Queen  
  110  8:20  Drone  
  110  8:21  Drone x8  
  111  8:42  Hatchery, Evolution Chamber  
  111  8:43  Evolution Chamber  
  111  8:45  Roach x4  
  111  8:46  Roach x3  
  120  8:56  Roach  
  120  8:57  Roach x4  
  98  9:10  Roach  
  98  9:11  Roach x6  
  98  9:14  Overseer  
  98  9:15  Overseer x3  
  112  9:25  Drone  
  112  9:28  Drone x8, Extractor  
  112  9:29  Extractor  
  119  9:33  Zerg Missile Weapons Level 1  
  119  9:35  Roach x3  
  125  9:42  Drone  
  106  10:04  Roach  
  98  10:08  Roach  
  98  10:09  Roach x14  
  112  10:22  Roach x5  
  112  10:23  Roach x2  
  122  10:29  Drone  
  122  10:31  Roach  
  122  10:32  Roach x4  
  122  10:34  Ravager x4  
  137  10:36  Ravager x4  
  137  10:37  Ravager  
  142  10:46  Drone  
  142  10:47  Drone  
  142  10:48  Overlord x3  
  144  10:58  Zerg Ground Armor Level 1  
  144  11:09  Drone  
  144  11:10  Drone x9  
  154  11:16  Roach x3  
  160  11:24  Drone x2  
  162  11:29  Drone  
  163  11:33  Zerg Missile Weapons Level 2, Baneling Nest  
  162  11:46  Hive  
  162  11:52  Extractor  
  162  11:53  Extractor  
  160  12:15  Roach x4  
  168  12:17  Overlord x4  
  168  12:24  Overlord x2  
  168  12:25  Overlord x2  
  168  12:42  Drone x2  
  170  12:45  Roach  
  170  12:46  Roach x14  
  198  13:16  Hatchery  
  198  13:17  Roach  
  198  13:18  Roach x7  
  176  13:34  Roach x6  
  176  13:35  Roach x7  
  195  13:52  Roach  
  195  13:53  Roach x7  
  197  14:00  Roach x5  
  199  14:19  Zerg Ground Armor Level 2  
  199  14:20  Zerg Missile Weapons Level 3  
  191  14:31  Roach x14  
  150  14:32  Roach x3  
  166  14:39  Roach  
  166  14:40  Roach x9  
  166  14:48  Roach x5  
  148  15:01  Roach  
  148  15:02  Roach x8  
  166  15:10  Overseer x5  
  166  15:11  Overseer  
  166  15:15  Overlord x2  
  166  15:16  Overlord  
  166  15:17  Roach x8  
  172  15:31  Roach x2  
  172  15:32  Roach x10  
  194  15:38  Roach  
  194  15:39  Roach x2  
  198  15:51  Queen  
  200  16:06  Hydralisk Den  
  200  16:10  Ultralisk Cavern  
  198  16:21  Hatchery  
  151  16:45  Roach x13  
  151  16:46  Roach x21  
  147  17:14  Ultralisk x5  
  177  17:17  Zerg Melee Weapons Level 1  
  177  17:41  Chitinous Plating  
  177  17:57  Viper x2  
  177  17:58  Viper x5  
  198  18:14  Hatchery  
  195  18:28  Viper  
  195  18:29  Overlord x2  
  198  18:35  Overlord x4  
  195  18:49  Overlord x2  
  181  19:19  Hydralisk, Viper x2  
  181  19:20  Viper x9  
  174  19:29  Viper  
  146  19:51  Roach x11  
  146  19:52  Roach x4  
  137  20:19  Roach  
  137  20:20  Roach x15  
  169  20:34  Roach  
  169  20:35  Roach x6  
  183  20:43  Extractor  
  183  20:45  Extractor  
  183  20:46  Roach  
  183  20:47  Roach x3  
  141  21:14  Roach x13  
  141  21:15  Roach x23  
  188  21:22  Roach  
Tags
 
Add a new tag
Caveats
  • Supply blocks, unpowered buildings, or Contaminate may cause inaccurate times.
  • Supply counts are checked every 10 seconds.